 Dungeon Crawl Stone Soup version 0.26-a0-412-ga3d1f51b80 (webtiles) character file.

Game seed: 10890611005983924527

42868 Corto the Geomancer (level 14, 0/102 HPs)
             Began as a Gargoyle Earth Elementalist on July 21, 2020.
             Was an Elder of Vehumet.
             Slain by an ice dragon (2 damage)
             ... on level 6 of the Lair of Beasts on July 24, 2020.
             The game lasted 02:07:14 (22562 turns).

Corto the Geomancer (Gargoyle Earth Elementalist)  Turns: 22562, Time: 02:07:14

Health: 0/102      AC: 27    Str: 12    XL:     14   Next: 21%
Magic:  27/37      EV:  2    Int: 21    God:    Vehumet [****..]
Gold:   896        SH:  0    Dex: 10    Spells: 19/33 levels left

rFire    . . .     SeeInvis .   n - +0 quarterstaff (venom)
rCold    . . .     Faith    .   (shield currently unavailable)
rNeg     + + +     Spirit   .   (armour currently unavailable)
rPois    ∞         Reflect  .   (helmet currently unavailable)
rElec    .         Harm     .   (cloak currently unavailable)
rCorr    .         NoTele   +   (gloves currently unavailable)
MR       +....                  (boots currently unavailable)
Stlth    ++........             M - amulet of magic regeneration
HPRegen  0.27/turn              U - ring of Woipu {EV+4 Slay+4}
MPRegen  0.50/turn              A - ring of magical power

@: tree-form
A: negative energy resistance 1, petrification resistance, rot immunity, AC +10
a: Renounce Religion


You were on level 6 of the Lair of Beasts.
You worshipped Vehumet.
Vehumet was greatly pleased with you.
You were a tree.
You visited 4 branches of the dungeon, and saw 17 of its levels.
You also visited: Volcano.

You collected 947 gold pieces.
You spent 51 gold pieces at shops.

Inventory:

Hand Weapons
 n - a +0 quarterstaff of venom (weapon)
 p - a +1 whip of electrocution
 r - a +2 vorpal flail
 K - a +2 flail of holy wrath
Missiles
 b - 193 stones (quivered)
Armour
 i - a +0 pair of gloves of dexterity (melded)
 t - a +2 helmet (melded)
 H - a +0 cloak of preservation
 O - a +1 robe of magic resistance (melded)
 Q - a scarf of repulsion (melded)
 T - a +0 buckler
 Y - a +1 pair of boots of running (melded)
Jewellery
 h - an uncursed ring of wizardry
 l - the ring "Gohouc" {Fire rElec rN+ Str+4 Int+3}
   (You found it on level 6 of the Lair of Beasts)

   [ring of fire]

   It enhances your fire magic.
   It affects your strength (+4).
   It affects your intelligence (+3).
   It protects you from fire.
   It makes you vulnerable to cold.
   It insulates you from electricity.
   It protects you from negative energy.
 m - an uncursed ring of see invisible
 o - an uncursed amulet of regeneration
 A - a ring of magical power (right branch)
 B - an uncursed ring of positive energy
 D - an uncursed amulet of reflection
 I - a +6 ring of intelligence
 M - an amulet of magic regeneration (around neck)
 U - the ring of Woipu (left branch) {EV+4 Slay+4}
   (You found it on level 1 of the Lair of Beasts)

   [ring of evasion]

   It affects your evasion (+4).
   It affects your accuracy and damage with ranged weapons and melee attacks
   (+4).
 V - an uncursed amulet of the acrobat
Wands
 a - a wand of clouds (6)
 k - a wand of flame (37)
 q - a wand of paralysis (15)
 u - a wand of acid (24)
 w - a wand of iceblast (5)
 x - a wand of digging (4)
 N - a wand of disintegration (7)
 P - a wand of polymorph (8)
 S - a wand of enslavement (8)
Scrolls
 c - a scroll of blinking
 d - 2 scrolls of magic mapping
 v - 5 scrolls of remove curse {@r8}
 y - 7 scrolls of teleportation {@r4}
 J - a scroll of immolation {!r}
 W - 2 scrolls of identify {@r9}
Potions
 e - 6 potions of might
 f - 4 potions of haste {@q3}
 g - 8 potions of curing {@q1}
 j - 4 potions of brilliance
 s - 2 potions of heal wounds {@q2}
 F - 2 potions of lignification {!q}
 L - a potion of resistance
 X - 2 potions of invisibility
 Z - a potion of cancellation


   Skills:
 + Level 9.4 Maces & Flails
 - Level 5.0 Armour
 - Level 1.5 Dodging
 - Level 2.1 Stealth
 - Level 5.0 Shields
 + Level 10.4 Spellcasting
 + Level 10.1 Conjurations
 - Level 0.7 Transmutations
 + Level 7.4 Fire Magic
 + Level 13.2 Earth Magic
 + Level 8.5 Evocations


You had 19 spell levels left.
You knew the following spells:

 Your Spells              Type           Power        Failure   Level
a - Stone Arrow           Conj/Erth      ######       1%          3
b - Sandblast             Erth           ######       1%          1
c - Lee's Rapid Deconstr  Erth           ######....   1%          5
d - Passwall              Tmut/Erth      #####...     1%          2
e - Conjure Flame         Conj/Fire      #####...     1%          3

Your spell library contained the following spells:

 Spells                   Type           Power        Failure   Level
 Fulminant Prism          Conj/Hex       ####......   2%          4
 Magic Dart               Conj           ####         1%          1
 Dazzling Flash           Conj/Hex       ####..       1%          3
 Mephitic Cloud           Conj/Pois/Air  ####....     1%          3
 Petrify                  Tmut/Erth      #####...     3%          4
 Animate Skeleton         Necr           ##....       6%          1
 Corona                   Hex            ##.....      6%          1
 Pain                     Necr           ##..         6%          1
 Blink                    Tloc           N/A          10%         2
 Call Imp                 Summ           ##......     10%         2
 Ensorcelled Hibernation  Hex/Ice        ##....       10%         2
 Slow                     Hex            ##......     10%         2
 Confusing Touch          Hex            ##......     19%         3
 Gell's Gravitas          Tloc           ##........   19%         3
 Tukima's Dance           Hex            ##......     19%         3
 Vampiric Draining        Necr           ##........   19%         3
 Yara's Violent Unravell  Hex/Tmut       ##........   36%         5
 Animate Dead             Necr           ##........   52%         4
 Agony                    Necr           ##......     86%         5
 Metabolic Englaciation   Hex/Ice        ##........   86%         5


Dungeon Overview and Level Annotations

Branches:
Dungeon (9/15)             Temple (1/1) D:4            Lair (6/6) D:8
 Shoals (0/4) Lair:3       Spider (1/4) Lair:3        Slime (0/5) Lair:6
Volcano (visited)
    Orc: D:9-12

Altars:
Ashenzari
Cheibriados
Dithmenos
Elyvilon
Fedhas
Gozag
Hepliaklqana
Kikubaaqudgha
Makhleb
Nemelex Xobeh
Okawaru
Qazlal
Ru
Sif Muna
Trog
Uskayaw
Vehumet
Wu Jian
Xom
Yredelemnul
Zin
The Shining One
Jiyva

Shops:
D:9 =**(

Annotations:
D:7 2 transporters, ANON1729's ghost, novice DrCj
Lair:1 exclusion: 4 oklob plants
Lair:2 Nergalle
Lair:6 1 runed translucent door


Innate Abilities, Weirdness & Mutations

You are resistant to torment.
((Your stone body is resilient. (AC +10)))
You are immune to poison.
((Your large and strong wings let you fly indefinitely.))
You resist negative energy. (rN+)
((You are resistant to electric shocks. (rElec)))
((You can survive without breathing.))
You are immune to petrification.
You are immune to rotting.


Message History

Aiming: Stone Arrow (safe; 1% risk of failure)
Press: ? - help, Shift-Dir - straight line, f/p - ice dragon
Aim: an ice dragon (moderately wounded, extremely poisoned, catching its breath)
The stone arrow hits the ice dragon.
The ice dragon is heavily wounded.
The ice dragon barely misses you.
The ice dragon claws you but does no damage.
The ice dragon tramples you.
* * * LOW HITPOINT WARNING * * *
Casting: Stone Arrow (safe; 1% risk of failure)
Confirm with . or Enter, or press ? or * to list all spells.
Aiming: Stone Arrow (safe; 1% risk of failure)
Press: ? - help, Shift-Dir - straight line, f/p - ice dragon
Aim: an ice dragon (heavily wounded, extremely poisoned, catching its breath)
The stone arrow hits the ice dragon!!
The ice dragon is severely wounded.
The ice dragon bites you but does no damage.
The ice dragon claws you but does no damage.
The ice dragon tramples you.
You die... •••••••••P█████•█•••██ •••••••█████ ██••••P██ █••█••██ ██$ ██•██••█ ••█••██ █$$$ ███•••█ P█████ █$$$ ██••██ █ █$•$ █••██ $$████•••█ █∆█•••███ ██•D♣██ █•Ψ•██•█ ██••••█ ███•••█ █•••••• ██•P•█ ████

You could see an ice dragon (very poisoned, catching breath).

Vanquished Creatures
  Kirke (Lair:5)
  An entropy weaver (Lair:6)
  Harold (D:9)
  A catoblepas (Lair:6)
  6 hydras
  8 death yaks
  A tengu warrior (D:9)
  Sonja (Lair:2)
  2 manticores
  7 elephants
  Maurice (D:9)
  3 black mambas
  Psyche (D:9)
  A torpor snail (Lair:6)
  9 cane toads
  A rime drake (Lair:4)
  5 komodo dragons
  A kobold demonologist (D:9)
  An efreet (Volcano)
  4 jumping spiders
  2 polar bears
  5 blink frogs
  10 hippogriffs
  5 redbacks (Lair:3)
  2 wyverns
  A fire elemental (Volcano)
  29 yaks
  2 hogs
  3 wargs (D:8)
  18 soldier ants (Lair:6)
  4 water moccasins
  2 orc warriors
  5 porcupines
  2 ice beasts
  A sky beast (D:9)
  5 ogres
  5 centaurs
  11 crocodiles
  3 big kobolds
  Blork the orc (D:5)
  15 bullfrogs
  A gnoll sergeant (D:5)
  6 scorpions
  12 killer bees
  12 wights (D:8)
  5 howler monkeys
  4 electric eels
  A quasit (D:9)
  3 hounds
  6 orc priests
  A centaur skeleton (D:8)
  A jelly (D:7)
  A bullfrog skeleton (D:5)
  2 iguanas
  7 orc wizards
  8 worker ants
  A hound zombie (D:9)
  2 hound skeletons
  A worker ant zombie (D:9)
  15 gnolls
  A howler monkey skeleton (D:7)
  9 adders
  2 shadow imps
  2 white imps
  2 ufetubi
  An adder skeleton (D:4)
  A worm (D:7)
  3 dart slugs
  5 leopard geckos
  21 orcs
  2 ball pythons
  5 giant cockroaches
  5 hobgoblins
  13 jackals
  18 kobolds
  6 quokkas
  7 bats
  4 frilled lizards
  9 goblins
  A leopard gecko skeleton (D:4)
  A quokka zombie (D:5)
  12 rats
  2 fungi
  4 plants
412 creatures vanquished.

Vanquished Creatures (others)
  A bush (Lair:3)
  12 fungi
  6 plants
19 creatures vanquished.

Grand Total: 431 creatures vanquished

Notes
Turn   | Place    | Note
-------+----------+-------------------------------------------
     0 | D:1      | Corto the Gargoyle Earth Elementalist began the quest for
                  | the Orb.
     0 | D:1      | Reached XP level 1. HP: 10/10 MP: 3/3
   172 | D:1      | Reached skill level 4 in Earth Magic
   172 | D:1      | Reached XP level 2. HP: 9/15 MP: 3/5
   835 | D:1      | Reached XP level 3. HP: 19/19 MP: 6/6
  1914 | D:3      | Reached XP level 4. HP: 24/24 MP: 8/8
  1946 | D:3      | Reached skill level 5 in Earth Magic
  2357 | D:3      | Reached XP level 5. HP: 16/28 MP: 10/10
  2653 | D:3      | Learned a level 3 spell: Stone Arrow
  2659 | D:3      | Learned a level 5 spell: Lee's Rapid Deconstruction
  3027 | D:4      | Reached skill level 6 in Earth Magic
  3027 | D:4      | Reached XP level 6. HP: 23/32 MP: 10/12
  3506 | D:4      | Found a staircase to the Ecumenical Temple.
  3512 | Temple   | Entered the Ecumenical Temple
  3940 | D:5      | Entered Level 5 of the Dungeon
  4008 | D:5      | Reached skill level 5 in Spellcasting
  4008 | D:5      | Reached skill level 7 in Earth Magic
  4008 | D:5      | Reached XP level 7. HP: 22/36 MP: 9/14
  4365 | D:5      | Noticed Blork the orc
  4369 | D:5      | Killed Blork the orc
  4538 | D:5      | Reached skill level 8 in Earth Magic
  4771 | D:5      | Reached XP level 8. HP: 41/41 MP: 13/16
  4893 | D:5      | Reached skill level 1 in Maces & Flails
  4893 | D:5      | Reached skill level 1 in Armour
  4893 | D:5      | Reached skill level 1 in Conjurations
  4906 | D:5      | Reached skill level 1 in Evocations
  5569 | D:6      | Noticed a hippogriff
  5576 | D:6      | Killed a hippogriff
  5820 | D:6      | Found an opulent altar of Gozag.
  5847 | D:6      | Reached XP level 9. HP: 45/45 MP: 14/18
  6241 | D:7      | Found a transporter.
  6259 | D:7      | Found a bloodstained altar of Trog.
  6266 | D:7      | Found a transporter.
  6266 | D:7      | Identified the +1 whip of Nemelex Xobeh {drain, rElec
                  | Int+2}
  6266 | D:7      | Noticed a moth of wrath
  6266 | D:7      | Noticed a cyclops
  6266 | D:7      | Noticed ANON1729's ghost (novice DrCj)
  6286 | D:7      | Noticed a troll
  6419 | D:7      | Found a blossoming altar of Fedhas.
  6419 | D:7      | Found a hide-covered altar of Uskayaw.
  6508 | D:7      | Reached skill level 9 in Earth Magic
  6731 | D:7      | Found a snail-covered altar of Cheibriados.
  6939 | D:7      | Found a shimmering blue altar of Sif Muna.
  7334 | D:8      | Found a staircase to the Lair.
  7376 | D:8      | Reached skill level 1 in Shields
  7657 | D:8      | Reached XP level 10. HP: 50/50 MP: 14/20
  7992 | D:8      | Found an opulent altar of Gozag.
  7995 | D:8      | Found a sacrificial altar of Ru.
  7998 | D:8      | Found a hazy altar of Hepliaklqana.
  8572 | D:8      | Reached skill level 5 in Armour
  8660 | D:9      | Noticed Maurice
  8690 | D:9      | Noticed Psyche
  9015 | D:8      | Reached skill level 5 in Conjurations
  9139 | D:9      | Found a glowing golden altar of the Shining One.
  9207 | D:9      | Killed Maurice
  9207 | D:9      | Reached skill level 10 in Earth Magic
  9338 | D:9      | Found Oduusch's Antique Weapon Shop.
  9399 | D:9      | Noticed a kobold demonologist
  9403 | D:9      | Reached skill level 5 in Maces & Flails
  9404 | D:9      | Noticed a tengu warrior
  9476 | D:9      | Found Morraaca's General Store.
  9486 | D:9      | Bought a scroll of teleportation for 39 gold pieces
  9539 | D:9      | Noticed Harold
  9545 | D:9      | Found a radiant altar of Vehumet.
  9723 | D:8      | Learned a level 2 spell: Passwall
  9732 | D:9      | Killed Harold
  9732 | D:9      | Reached XP level 11. HP: 44/54 MP: 11/22
  9759 | D:9      | Became a worshipper of Vehumet
  9770 | D:9      | Learned a level 3 spell: Conjure Flame
  9857 | D:9      | Found Isuw's Jewellery Emporium.
 10165 | D:9      | Killed a tengu warrior
 10165 | D:9      | Reached skill level 1 in Fire Magic
 10165 | D:9      | Reached skill level 5 in Evocations
 10462 | D:9      | Noticed a manticore
 10471 | D:9      | Killed a manticore
 10533 | D:9      | Found Ozys's General Store.
 10545 | D:9      | Bought a scroll of noise for 12 gold pieces
 10569 | D:9      | Killed Psyche
 10569 | D:9      | Reached skill level 5 in Shields
 10702 | Lair:1   | Entered Level 1 of the Lair of Beasts
 10742 | Lair:1   | Noticed an oklob plant
 10743 | Lair:1   | Noticed an oklob plant
 10743 | Lair:1   | Noticed an oklob plant
 10744 | Lair:1   | Got a crude golden ring
 11131 | Lair:1   | Reached skill level 11 in Earth Magic
 11375 | Lair:1   | Noticed a six-headed hydra
 11386 | Lair:1   | Killed a six-headed hydra
 11649 | D:8      | Identified the ring of Woipu {EV+4 Slay+4} (You found it on
                  | level 1 of the Lair of Beasts)
 11650 | D:8      | Upgraded the game from 0.26-a0-388-gf3277c4969 to
                  | 0.26-a0-393-g67388ea477
 11782 | D:8      | Reached * piety under Vehumet
 11782 | D:8      | Offered knowledge of Shock by Vehumet.
 12277 | D:8      | Reached XP level 12. HP: 34/59 MP: 0/24
 13331 | Lair:1   | HP: 1/59 [acid (6)]
 13954 | Lair:2   | Noticed Sonja
 13954 | Lair:2   | Noticed Nergalle
 14157 | Lair:2   | Found a dark tunnel.
 14160 | Volcano  | Entered a volcano
 14290 | Lair:2   | Identified a +1 pair of boots of running (You found it in a
                  | volcano)
 14494 | Lair:2   | Killed Sonja
 14851 | Temple   | Upgraded the game from 0.26-a0-393-g67388ea477 to
                  | 0.26-a0-394-g0b5ff556b1
 15768 | Lair:3   | Noticed a five-headed hydra
 15773 | Lair:3   | Killed a five-headed hydra
 16008 | Lair:3   | Found a hole to the Spider Nest.
 16239 | Lair:3   | Found a staircase to the Shoals.
 16245 | Lair:3   | Reached skill level 5 in Fire Magic
 16249 | Lair:3   | Reached ** piety under Vehumet
 16287 | Lair:3   | Offered knowledge of Foxfire by Vehumet.
 16345 | Lair:3   | Reached skill level 12 in Earth Magic
 16426 | Spider:1 | Entered Level 1 of the Spider Nest
 17207 | Lair:4   | Noticed an eight-headed hydra
 17306 | Lair:4   | Killed an eight-headed hydra
 17306 | Lair:4   | Reached XP level 13. HP: 42/63 MP: 13/26
 17725 | Lair:4   | HP: 2/63 [eight-headed hydra (2)]
 19100 | Temple   | Upgraded the game from 0.26-a0-394-g0b5ff556b1 to
                  | 0.26-a0-412-ga3d1f51b80
 19629 | Lair:5   | Noticed Kirke
 20041 | Lair:5   | Killed Kirke
 20299 | Lair:6   | Entered Level 6 of the Lair of Beasts
 20637 | Lair:5   | Offered knowledge of Frozen Ramparts by Vehumet.
 20637 | Lair:5   | Reached skill level 10 in Spellcasting
 21163 | Lair:6   | Got a faintly glowing robe
 21174 | Lair:6   | Reached *** piety under Vehumet
 21451 | Lair:5   | Identified the +1 robe of Jigsaw {rF+ Int+3 Dex+4 Stlth+}
                  | (You found it on level 6 of the Lair of Beasts)
 21470 | Lair:6   | Reached skill level 13 in Earth Magic
 21488 | Lair:6   | Noticed an entropy weaver
 21593 | Lair:6   | Killed an entropy weaver
 21593 | Lair:6   | Gained mutation: Your large and strong wings let you fly
                  | indefinitely. [Gargoyle growth]
 21593 | Lair:6   | Reached XP level 14. HP: 31/68 MP: 21/28
 21747 | Lair:6   | Offered knowledge of Olgreb's Toxic Radiance by Vehumet.
 21819 | Lair:6   | Reached skill level 10 in Conjurations
 21870 | Lair:6   | Found a runed translucent door.
 21871 | Lair:6   | Found a viscous altar of Jiyva.
 21873 | Lair:6   | Found a staircase to the Slime Pits.
 22058 | Lair:6   | Reached **** piety under Vehumet
 22085 | Lair:6   | Offered knowledge of Fulminant Prism by Vehumet.
 22195 | Lair:6   | Got a faintly glowing lapis lazuli ring
 22197 | Lair:6   | Identified the ring "Gohouc" {Fire rElec rN+ Str+4 Int+3}
                  | (You found it on level 6 of the Lair of Beasts)
 22306 | Lair:6   | Found a runed translucent door.
 22559 | Lair:6   | HP: 5/102 [ice dragon/blast of cold (26)]
 22561 | Lair:6   | HP: 2/102 [ice dragon (3)]
 22562 | Lair:6   | Slain by an ice dragon

Illustrated notes

Levels and vault maps discovered:
D:1:      matt_arrival_refuge, layout_basic, minmay_misc_feat_room, st_stairs_7
D:2:      layout_rooms
D:3:      layout_rooms
D:4:      layout_cave_pools, minmay_temple_entry_enclosed_plants
D:5:      layout_gridville, uniq_blork_the_orc
D:6:      layout_loops_ring, basic_altar
D:7:      layout_loops_ring, slow_altar_2, gammafunk_temple_overflow_wave,
          basic_altar, gammafunk_ghost_wrathful_warriors, eino_jars
D:8:      layout_gridville, grunt_temple_overflow_diamond,
          erik_lair_orcish_takeover, serial_bayou_pond_c
D:9:      minmay_chambers_of_sevens, layout_long_grid, vehumet_altar_wand_db,
          tso_altar, serial_shops, shop_fountains, nicolae_shop_crystal,
          kennysheep_mini_moat, shop, palyth_stone_intersect,
          serial_bayou_ford_a, uniq_maurice, uniq_psyche, uniq_harold
Temple:   nicolae_temple_great_sept
Lair:1:   layout_roguey, minmay_lair_oklob_chamber, serial_bayou_shore_a,
          grunt_megastairs_2, infiniplex_staircase_pool
Lair:2:   layout_chaotic_city, nicolae_volcano_entry_lava_flow, uniq_sonja,
          uniq_nergalle
Lair:3:   layout_cave_pods, minmay_shoals_entry_beasts,
          nicolae_spider_entry_tight_spaces
Lair:4:   layout_hall_layers
Lair:5:   layout_hall_layers, serial_bayou_lake_a, uniq_kirke
Lair:6:   wormcave, layout_gridlike, slime_altar_2, gammafunk_ghost_grave,
          minivault_29
Spider:1: layout_spider_delve

Skill      XL: |  1  2  3  4  5  6  7  8  9 10 11 12 13 14 |
---------------+-------------------------------------------+-----
Earth Magic    | 4 5 6 7 8 9 10 11 12 13 | 13.2
Spellcasting   | 3 4 5 6 7 8 9 10 | 10.4
Maces & Flails | 2 4 5 6 7 9 |  9.4
Armour         | 2 4 5 |  5.0
Conjurations   | 2 4 5 7 8 9 10 | 10.1
Evocations     | 2 3 4 6 7 8 |  8.5
Shields        | 2 4 5 |  5.0
Fire Magic     | 3 5 7 |  7.4
Dodging        | |  1.5
Stealth        | |  2.1
Transmutations | |  0.7

Action                   |  1- 3 |  4- 6 |  7- 9 | 10-12 | 13-15 || total
-------------------------+-------+-------+-------+-------+-------++-------
Melee: Club              |    56 |       |       |       |       ||    56
       Unarmed           |    10 |       |       |       |       ||    10
       Whip              |    46 |    11 |   259 |   163 |       ||   479
       Dagger            |    39 |    65 |       |       |       ||   104
       Flail             |       |    56 |       |    50 |       ||   106
       Quarterstaff      |       |       |       |    23 |   159 ||   182
 Cast: Sandblast         |    14 |    14 |    94 |    69 |     2 ||   193
       Lee's Rapid Decon |       |       |     7 |    24 |     6 ||    37
       Stone Arrow       |       |       |       |   211 |   220 ||   431
       Conjure Flame     |       |       |       |     1 |     1 ||     2
 Abil: Fly               |       |       |       |       |     1 ||     1
  Use: Scroll            |       |     9 |     7 |    14 |     7 ||    37
       Potion            |       |       |       |       |     2 ||     2
 Stab: Sleeping          |     6 |     2 |     4 |     2 |       ||    14
       Petrified         |       |       |       |       |     3 ||     3
Armor: Robe              |    39 |    33 |    83 |   139 |    91 ||   385
       Leather armour    |       |       |       |    44 |       ||    44
       Skin              |       |       |       |       |    17 ||    17
Dodge: Dodged            |   145 |   117 |   274 |   257 |   135 ||   928
       Repelled          |       |       |       |     4 |       ||     4
Block: Other             |       |       |    58 |    14 |       ||    72
       Reflection        |       |       |     6 |     4 |       ||    10
       Buckler           |       |       |       |    34 |       ||    34

Table legend: (Time is in decaauts)
 A = Elapsed time spent in this place.
 B = Non-inter-level travel time spent in this place.
 C = Inter-level travel time spent in this place.
 D = Time resting spent in this place.
 E = Time spent auto-exploring this place.
 F = Levels seen in this place.
 G = Mean time per level.
                   A        B        C        D        E       F      G
               +--------+--------+--------+--------+--------+-----+--------+
         Total |  22283 |  21009 |   1274 |   5997 |   8970 |  18 | 1237.9 |
       Dungeon |  11924 |  11190 |    734 |   2031 |   6038 |   9 | 1324.9 |
        Temple |    171 |    164 |      7 |      0 |      0 |   1 |  171.0 |
          Lair |  10049 |   9516 |    533 |   3966 |   2931 |   6 | 1674.8 |
   Spider Nest |     14 |     14 |      0 |      0 |      0 |   1 |   14.0 |
       Volcano |    123 |    123 |      0 |      0 |      0 |   1 |  123.0 |
               +--------+--------+--------+--------+--------+-----+--------+

Top non-repeatable levels by time:
     D:8: 2735 daAuts
  Lair:1: 2718 daAuts
  Lair:5: 2289 daAuts
     D:9: 1539 daAuts
  Lair:3: 1477 daAuts
  Lair:6: 1402 daAuts
     D:7: 1369 daAuts
  Lair:4: 1193 daAuts
     D:5: 1175 daAuts
     D:6: 1155 daAuts
     D:1: 1084 daAuts
     D:4: 1072 daAuts
     D:3: 1010 daAuts
  Lair:2: 967 daAuts
     D:2: 782 daAuts
